| TOP OF THE 1ST |
|
University of Michigan Wolverines batting - Pitching for Wichita State University Shockers : RHP Steve Dodge
|
|
Pitching: RHP Steve Dodge
|
|
|
Batting: RHB Gerard Gordijn
|
0-0: Ball 1-0: Ball 2-0: Foul Ball, location: 2F 2-1: Ball 3-1: Ground out 5-3 (Groundball, 56, EV 99.4 MPH)
|
|
Batting: RHB Chris Williamson
|
0-0: Ball 1-0: Ball 2-0: Ball 3-0: Called Strike 3-1: Swinging Strike 3-2: Strikes out swinging
|
|
Batting: RHB Walter Fisher
|
0-0: Ball 1-0: Ball 2-0: Ball 3-0: Called Strike 3-1: SINGLE (Line Drive, 6M, EV 93.8 MPH)
|
|
Batting: LHB Dakota Kaempf
|
0-0: Called Strike 0-1: Called Strike 0-2: Foul Ball, location: 2F 0-2: Fly out, F4 (Flyball, 4D, EV 88.1 MPH)
|
| Top of the 1st over - 0 runs, 1 hit, 0 errors, 1 left on base; University of Michigan 0 - Wichita State University 0 |
| BOTTOM OF THE 1ST |
|
Wichita State University Shockers batting - Pitching for University of Michigan Wolverines : RHP Aaron Marakovits
|
|
Pitching: RHP Aaron Marakovits
|
|
|
Batting: RHB Kyle Gill
|
0-0: Foul Ball, location: 2F 0-1: Ball 1-1: Fly out, F8 (Flyball, 78M, EV 83.1 MPH)
|
|
Batting: RHB Byron Whitehead
|
0-0: Called Strike 0-1: Ball 1-1: Ball 2-1: Foul Ball, location: 2F 2-2: Strikes out looking
|
|
Batting: LHB Carlos Flores
|
0-0: Called Strike 0-1: Ball 1-1: Foul Ball, location: 2F 1-2: Ball 2-2: Strikes out looking
|
| Bottom of the 1st over - 0 runs, 0 hits, 0 errors, 0 left on base; University of Michigan 0 - Wichita State University 0 |
| TOP OF THE 2ND |
|
University of Michigan Wolverines batting - Pitching for Wichita State University Shockers : RHP Steve Dodge
|
|
Batting: RHB Remie Braakman
|
0-0: SINGLE (Line Drive, 6M, EV 98.8 MPH)
|
|
Batting: RHB Cesar Rubio
|
0-0: Ball 1-0: DOUBLE (Flyball, 9LM, EV 106.2 MPH) Remie Braakman to third
|
|
Batting: RHB Mario Cruz
|
0-0: Ball 1-0: Ball 2-0: DOUBLE (Line Drive, 8RXD, EV 103.1 MPH) Remie Braakman scores Cesar Rubio scores
|
|
Batting: LHB Lance Sabo
|
0-0: Foul Ball, location: 2F 0-1: Called Strike 0-2: SINGLE (Groundball, 56, EV 103.8 MPH) Mario Cruz to third Runner from 3rd tries for Home, SAFE, throw by LF to home
|
|
Batting: LHB Murdock Cranton
|
0-0: Called Strike 0-1: Swinging Strike 0-2: Ball 1-2: Foul Ball, location: 2F 1-2: Strikes out swinging
|
|
Batting: RHB Gerard Gordijn
|
0-0: DOUBLE (Groundball, 5L, EV 105.0 MPH) Lance Sabo to third Runner from 3rd tries for Home, throw by LF and OUT! 7-6-2
|
|
Batting: RHB Chris Williamson
|
0-0: Foul Ball, location: 2F 0-1: Fly out, F9 (Flyball, 89M, EV 86.2 MPH)
|
| Top of the 2nd over - 3 runs, 5 hits, 0 errors, 1 left on base; University of Michigan 3 - Wichita State University 0 |
| BOTTOM OF THE 2ND |
|
Wichita State University Shockers batting - Pitching for University of Michigan Wolverines : RHP Aaron Marakovits
|
|
Batting: RHB Jason Adelstein
|
0-0: Foul Ball, location: 2F 0-1: Foul Ball, location: 2F 0-2: Fly out, F7 (Flyball, 78M, EV 99.4 MPH)
|
|
Batting: LHB Troy Davies
|
0-0: Called Strike 0-1: Ground out 4-3 (Groundball, 13, EV 80.6 MPH)
|
|
Batting: RHB Lucio Baratta
|
0-0: Called Strike 0-1: Ball 1-1: Ball 2-1: Foul Ball, location: 2F 2-2: Foul Ball, location: 2F 2-2: Ball 3-2: SINGLE (Flyball, 8LS, EV 87.5 MPH)
|
|
Batting: LHB Kyle Lee
|
0-0: Called Strike 0-1: Ground out 4-3 (Groundball, 4, EV 105.0 MPH)
|
| Bottom of the 2nd over - 0 runs, 1 hit, 0 errors, 1 left on base; University of Michigan 3 - Wichita State University 0 |
| TOP OF THE 3RD |
|
University of Michigan Wolverines batting - Pitching for Wichita State University Shockers : RHP Steve Dodge
|
|
Batting: RHB Walter Fisher
|
0-0: Fly out, F8 (Flyball, 8RM, EV 93.1 MPH)
|
|
Batting: LHB Dakota Kaempf
|
0-0: Ball 1-0: Called Strike 1-1: Foul Ball, location: 2F 1-2: Ball 2-2: Ground out 6-3 (Groundball, 6M, EV 86.2 MPH)
|
|
Batting: RHB Remie Braakman
|
0-0: Foul Ball, location: 2F 0-1: Ball 1-1: Fly out, F3 (Line Drive, 3L, EV 66.9 MPH)
|
| Top of the 3rd over - 0 runs, 0 hits, 0 errors, 0 left on base; University of Michigan 3 - Wichita State University 0 |
| BOTTOM OF THE 3RD |
|
Wichita State University Shockers batting - Pitching for University of Michigan Wolverines : RHP Aaron Marakovits
|
|
Batting: SHB Peter Faggard
|
0-0: Swinging Strike 0-1: SINGLE (Groundball, 5L, EV 105.6 MPH) (infield hit)
|
|
Batting: RHB Tony Ortiz
|
0-0: Ball 1-0: Foul Ball, location: 2F 1-1: Called Strike 1-2: Ball 2-2: Ground out 5-3 (Groundball, 5L, EV 89.4 MPH) Peter Faggard to second
|
|
Batting: RHB Kyle Gill
|
0-0: Called Strike 0-1: Ball 1-1: Foul Ball, location: 2F 1-2: SINGLE (Line Drive, 89S, EV 85.6 MPH) Peter Faggard to third
|
|
Batting: RHB Byron Whitehead
|
0-0: Called Strike 0-1: Ball 1-1: 3-RUN HOME RUN (Flyball, 89XD, EV 103.1 MPH), Distance : 435 ft
|
|
Batting: LHB Carlos Flores
|
0-0: Ball 1-0: Foul Ball, location: 2F 1-1: Ball 2-1: Called Strike 2-2: Ball 3-2: Fly out, F8 (Flyball, 8LXD, EV 91.9 MPH)
|
|
Batting: RHB Jason Adelstein
|
0-0: Ball 1-0: DOUBLE (Line Drive, 8RXD, EV 105.6 MPH)
|
|
Batting: LHB Troy Davies
|
0-0: Called Strike 0-1: Foul Ball, location: 2F 0-2: Foul Ball, location: 2F 0-2: Foul Ball, location: 2F 0-2: Strikes out swinging
|
| Bottom of the 3rd over - 3 runs, 4 hits, 0 errors, 1 left on base; University of Michigan 3 - Wichita State University 3 |
| TOP OF THE 4TH |
|
University of Michigan Wolverines batting - Pitching for Wichita State University Shockers : RHP Steve Dodge
|
|
Batting: RHB Cesar Rubio
|
0-0: Ball 1-0: Foul Ball, location: 2F 1-1: Fly out, F7 (Flyball, 78M, EV 93.8 MPH)
|
|
Batting: RHB Mario Cruz
|
0-0: Called Strike 0-1: Fly out, F7 (Flyball, 7S, EV 76.2 MPH)
|
|
Batting: LHB Lance Sabo
|
0-0: SINGLE (Groundball, 4MD, EV 95.0 MPH)
|
|
Batting: LHB Murdock Cranton
|
0-0: Called Strike 0-1: Ball 1-1: Ball 2-1: Fielders Choice at 2nd, U6 (Groundball, 6M, EV 84.4 MPH)
|
| Top of the 4th over - 0 runs, 1 hit, 0 errors, 1 left on base; University of Michigan 3 - Wichita State University 3 |
| BOTTOM OF THE 4TH |
|
Wichita State University Shockers batting - Pitching for University of Michigan Wolverines : RHP Aaron Marakovits
|
|
Batting: RHB Lucio Baratta
|
0-0: Ball 1-0: Ball 2-0: Called Strike 2-1: Swinging Strike 2-2: Ball 3-2: Strikes out looking
|
|
Batting: LHB Kyle Lee
|
0-0: Ball 1-0: Ball 2-0: Ground out U3 (Groundball, 34, EV 78.8 MPH)
|
|
Batting: SHB Peter Faggard
|
0-0: Called Strike 0-1: Foul Ball, location: 2F 0-2: Ball 1-2: Ball 2-2: Ball 3-2: Base on Balls
|
|
Batting: RHB Tony Ortiz
|
0-0: Called Strike 0-1: Swinging Strike 0-2: Foul Ball, location: 2F 0-2: 2-RUN HOME RUN (Flyball, 9D, EV 95.6 MPH), Distance : 364 ft
|
|
Pitching: RHP Wendell Thomsen
|
|
|
Pinch Hitting: RHB Joe Succo
|
0-0: Swinging Strike 0-1: Ball 1-1: Ball 2-1: Swinging Strike 2-2: Strikes out swinging
|
| Bottom of the 4th over - 2 runs, 1 hit, 0 errors, 0 left on base; University of Michigan 3 - Wichita State University 5 |
| TOP OF THE 5TH |
|
University of Michigan Wolverines batting - Pitching for Wichita State University Shockers : RHP Steve Dodge
|
|
Pitching: RHP Jim Joy
|
|
|
Now in LF: Greg Burton
|
|
|
Now in CF: Chad Bosarge
|
|
|
Batting: RHB Gerard Gordijn
|
0-0: Ball 1-0: Ball 2-0: Called Strike 2-1: Ball 3-1: Base on Balls
|
|
Batting: RHB Chris Williamson
|
0-0: Foul Ball, location: 2F 0-1: Ball 1-1: Ball 2-1: Ball 3-1: Called Strike 3-2: Base on Balls Gerard Gordijn to second
|
|
Pinch Hitting: RHB Wendell Sarkies
|
0-0: Swinging Strike 0-1: Ball 1-1: Foul Ball, location: 2F 1-2: Ball 2-2: Foul Ball, location: 2F 2-2: Grounds into double play, 3-6-3 (Groundball, 34S, EV 84.4 MPH) Gerard Gordijn to third
|
|
Batting: RHB Angus Shanahan
|
0-0: Ball 1-0: Foul Ball, location: 2F 1-1: Ball 2-1: Swinging Strike 2-2: Foul Ball, location: 2F 2-2: Strikes out swinging, 2-3 out at first.
|
| Top of the 5th over - 0 runs, 0 hits, 0 errors, 1 left on base; University of Michigan 3 - Wichita State University 5 |
| BOTTOM OF THE 5TH |
|
Wichita State University Shockers batting - Pitching for University of Michigan Wolverines : RHP Wendell Thomsen
|
|
Pitching: LHP Danny Warner
|
|
|
Now at C: Allan Dunn
|
|
|
Now at 2B: Elvis Hoying
|
|
|
Now at SS: Mario Cruz
|
|
|
Now in LF: Lance Sabo
|
|
|
Now in RF: Wendell Sarkies
|
|
|
Pinch Hitting: LHB Fletcher Lawton
|
0-0: Fly out, F7 (Line Drive, 7, EV 91.2 MPH)
|
|
Pinch Hitting: RHB Rick McGrath
|
0-0: Swinging Strike 0-1: Ball 1-1: Ball 2-1: Foul Ball, location: 2F 2-2: Foul Ball, location: 2F 2-2: Ball 3-2: Base on Balls
|
|
Batting: LHB Greg Burton
|
0-0: Foul Ball, location: 2F 0-1: Called Strike 0-2: Grounds into double play, 5-4-3 (Groundball, 5, EV 105.6 MPH)
|
| Bottom of the 5th over - 0 runs, 0 hits, 0 errors, 0 left on base; University of Michigan 3 - Wichita State University 5 |
| TOP OF THE 6TH |
|
University of Michigan Wolverines batting - Pitching for Wichita State University Shockers : RHP Jim Joy
|
|
Now at 2B: Alex Zeledon
|
|
|
Now in RF: Rick McGrath
|
|
|
Batting: RHB Allan Dunn
|
0-0: Called Strike 0-1: Foul Ball, location: 2F 0-2: Ground out U3 (Groundball, 3L, EV 82.5 MPH)
|
|
Batting: RHB Cesar Rubio
|
0-0: Ball 1-0: Foul Ball, location: 2F 1-1: Swinging Strike 1-2: Foul Ball, location: 2F 1-2: Ball 2-2: Strikes out looking
|
|
Batting: RHB Mario Cruz
|
0-0: Called Strike 0-1: Fly out, F7 (Flyball, 7, EV 88.1 MPH)
|
| Top of the 6th over - 0 runs, 0 hits, 0 errors, 0 left on base; University of Michigan 3 - Wichita State University 5 |
| BOTTOM OF THE 6TH |
|
Wichita State University Shockers batting - Pitching for University of Michigan Wolverines : LHP Danny Warner
|
|
Pitching: RHP Dave Bressler
|
|
|
Pinch Hitting: RHB Jeff Grant
|
0-0: Ball 1-0: Called Strike 1-1: Ball 2-1: Fly out, F8 (Flyball, 8LD, EV 102.5 MPH)
|
|
Batting: RHB Jordan Carr
|
0-0: Foul Ball, location: 2F 0-1: Foul Ball, location: 2F 0-2: SINGLE (Flyball, 4MD, EV 90.6 MPH)
|
|
Batting: LHB Kyle Lee
|
0-0: Ball 1-0: Swinging Strike 1-1: Foul Ball, location: 2F 1-2: Strikes out swinging
|
|
Batting: SHB Peter Faggard
|
0-0: Ball 1-0: Called Strike 1-1: Fly out, F9 (Flyball, 89S, EV 86.9 MPH)
|
| Bottom of the 6th over - 0 runs, 1 hit, 0 errors, 1 left on base; University of Michigan 3 - Wichita State University 5 |
| TOP OF THE 7TH |
|
University of Michigan Wolverines batting - Pitching for Wichita State University Shockers : RHP Jim Joy
|
|
Pitching: LHP Blake Gans
|
|
|
Now at 3B: Jeff Grant
|
|
|
Batting: LHB Lance Sabo
|
0-0: Called Strike 0-1: Fly out, F9 (Flyball, 9, EV 84.4 MPH)
|
|
Batting: LHB Murdock Cranton
|
0-0: Ground out 4-3 (Groundball, 4, EV 78.8 MPH)
|
|
Batting: RHB Gerard Gordijn
|
0-0: Ground out 5-3 (Groundball, 56S, EV 59.4 MPH)
|
| Top of the 7th over - 0 runs, 0 hits, 0 errors, 0 left on base; University of Michigan 3 - Wichita State University 5 |
| BOTTOM OF THE 7TH |
|
Wichita State University Shockers batting - Pitching for University of Michigan Wolverines : RHP Dave Bressler
|
|
Pitching: LHP Kunikazu Ishida
|
|
|
Batting: RHB Tony Ortiz
|
0-0: Swinging Strike 0-1: Ball 1-1: Foul Ball, location: 2F 1-2: Ball 2-2: Strikes out swinging
|
|
Batting: LHB Chad Bosarge
|
0-0: Ground out 4-3 (Groundball, 13, EV 84.4 MPH)
|
|
Batting: RHB Alex Zeledon
|
0-0: Ball 1-0: Fly out, F7 (Flyball, 7, EV 88.8 MPH)
|
| Bottom of the 7th over - 0 runs, 0 hits, 0 errors, 0 left on base; University of Michigan 3 - Wichita State University 5 |
| TOP OF THE 8TH |
|
University of Michigan Wolverines batting - Pitching for Wichita State University Shockers : LHP Blake Gans
|
|
Pitching: LHP Éric Duval
|
|
|
Batting: SHB Elvis Hoying
|
0-0: Ball 1-0: Ground out 6-3 (Groundball, 6, EV 87.5 MPH)
|
|
Batting: RHB Wendell Sarkies
|
0-0: SINGLE (Groundball, 34D, EV 95.6 MPH)
|
|
Batting: RHB Angus Shanahan
|
0-0: Ball 1-0: Swinging Strike 1-1: Ball 2-1: Foul Ball, location: 2F 2-2: Foul Ball, location: 2F 2-2: Fly out, F8 (Flyball, 8LM, EV 91.9 MPH)
|
|
Batting: RHB Allan Dunn
|
0-0: Foul Ball, location: 2F 0-1: Ball 1-1: Ball 2-1: Ground out 1-3 (Groundball, 13S, EV 63.8 MPH)
|
| Top of the 8th over - 0 runs, 1 hit, 0 errors, 1 left on base; University of Michigan 3 - Wichita State University 5 |
| BOTTOM OF THE 8TH |
|
Wichita State University Shockers batting - Pitching for University of Michigan Wolverines : LHP Kunikazu Ishida
|
|
Pitching: RHP Leon DeSanctis
|
|
|
Batting: RHB Rick McGrath
|
0-0: Ball 1-0: Ball 2-0: Fly out, F8 (Flyball, 8RXD, EV 102.5 MPH)
|
|
Pitching: LHP Isaiah Harris
|
|
|
Batting: LHB Greg Burton
|
0-0: Called Strike 0-1: Ball 1-1: Ball 2-1: Swinging Strike 2-2: Ground out 3-1 (Groundball, 34, EV 88.8 MPH)
|
|
Batting: RHB Jeff Grant
|
0-0: SINGLE (Groundball, 56D, EV 101.2 MPH)
|
|
Batting: RHB Jordan Carr
|
0-0: Ball 1-0: Called Strike 1-1: Ball 2-1: Foul Ball, location: 2F 2-2: Ball 3-2: Base on Balls Jeff Grant to second
|
|
Pinch Hitting: SHB Mike Chafe
|
0-0: Swinging Strike 0-1: Swinging Strike 0-2: Ball 1-2: Ball 2-2: Fly out, F8 (Flyball, 8RM, EV 90.0 MPH)
|
| Bottom of the 8th over - 0 runs, 1 hit, 0 errors, 2 left on base; University of Michigan 3 - Wichita State University 5 |
| TOP OF THE 9TH |
|
University of Michigan Wolverines batting - Pitching for Wichita State University Shockers : LHP Éric Duval
|
|
Pitching: RHP Steve Mattes
|
|
|
Now at 1B: Marvin Coffey
|
|
|
Batting: RHB Cesar Rubio
|
0-0: Ball 1-0: Called Strike 1-1: Ball 2-1: Ball 3-1: Fly out, F7 (Flyball, 7D, EV 107.5 MPH)
|
|
Batting: RHB Mario Cruz
|
0-0: Called Strike 0-1: Fly out, F7 (Flyball, 7D, EV 98.8 MPH)
|
|
Batting: LHB Lance Sabo
|
0-0: Called Strike 0-1: Swinging Strike 0-2: Fly out, F8 (Flyball, 8LM, EV 95.6 MPH)
|
| Top of the 9th over - 0 runs, 0 hits, 0 errors, 0 left on base; University of Michigan 3 - Wichita State University 5 |
|